Map: Terrasses de Prion

Players

Durnik

  • Race: Zerg Zerg
  • League: Silver

pupu - Winner!

  • Race: Protoss Protoss
  • League: Silver

VOD

Have the link to the VOD?

Description

Time

  • Played on: April 4, 2016, 10:21 a.m.
  • Length: 7:40
Show
View Real Time Build Order
Export as new Build Order

Durnik Zerg 

Build Orders: Hatch First 

Get SALT Encoding   

  12  0:01  Drone  
  13  0:07  Drone  
  14  0:37  Hatchery, Drone  
  14  0:45  Overlord  
  14  0:57  Extractor  
  13  1:05  Drone  
  13  1:10  Spawning Pool  
  13  1:18  Drone x2  
  15  1:27  Drone  
  16  1:34  Overlord  
  16  1:58  Zergling x4  
  18  2:04  Drone  
  18  2:05  Extractor  
  18  2:15  Drone x4  
  20  2:22  Queen  
  22  2:29  Metabolic Boost  
  24  2:39  Queen  
  26  2:47  Drone x3  
  29  2:54  Drone x2  
  29  2:55  Drone  
  32  2:59  Overlord  
  32  3:04  Overlord  
  32  3:10  Drone x2  
  34  3:21  Zergling x4  
  36  3:33  Drone x5  
  41  3:39  Lair  
  41  3:43  Zergling x4  
  43  3:59  Spawning Pool x2  
  43  4:02  Extractor  
  40  4:10  Drone  
  40  4:11  Drone x2  
  40  4:12  Drone  
  44  4:37  Overseer  
  44  4:41  Hatchery  
  44  4:45  Hydralisk Den  
  42  4:49  Spire  
  41  4:57  Evolution Chamber  
  41  4:58  Drone x4  
  41  4:59  Drone x2  
  46  5:00  Evolution Chamber  
  46  5:01  Zergling x2  
  46  5:02  Zergling x4  
  48  5:20  Extractor  
  47  5:25  Drone x2  
  47  5:27  Hydralisk  
  51  5:29  Overlord x2  
  51  5:44  Drone  
  51  5:49  Drone x2  
  50  6:08  Zergling x8  
  50  6:09  Zergling x10  
  47  6:20  Zergling x2  
  47  6:21  Zergling x8  
  42  6:35  Zergling x2  
  42  6:36  Zergling x10  
  40  6:50  Zergling x2  
  40  6:51  Zergling x10  
  41  7:00  Zergling x6  
  38  7:07  Zergling x8  
  36  7:10  Zergling x2  
  34  7:18  Zergling x2  
  34  7:19  Zergling x2  
  26  7:23  Zergling x4  
Show
View Real Time Build Order
Export as new Build Order

pupu Protoss - Winner!

Build Orders: 1 Gate Expand 

Get SALT Encoding   

  12  0:01  Probe (Chrono Boost)  
  13  0:11  Probe (Chrono Boost)  
  14  0:19  Pylon  
  14  0:25  Probe (Chrono Boost)  
  15  0:37  Probe (Chrono Boost)  
  15  0:39  Gateway  
  16  0:48  Probe (Chrono Boost)  
  17  0:51  Assimilator  
  17  1:03  Probe (Chrono Boost)  
  18  1:14  Probe (Chrono Boost)  
  19  1:24  Probe (Chrono Boost)  
  20  1:31  Nexus  
  20  1:41  Cybernetics Core  
  20  1:52  Zealot  
  22  1:57  Probe (Chrono Boost)  
  23  2:08  Pylon  
  23  2:10  Assimilator  
  23  2:18  Warp Gate (Chrono Boost), Pylon  
  23  2:26  Probe  
  24  2:38  Probe  
  25  2:44  Probe, Robotics Facility  
  25  2:46  Gateway  
  26  2:52  Probe  
  26  2:55  Probe  
  26  2:57  Sentry  
  30  3:04  Probe  
  30  3:05  Probe  
  31  3:10  Assimilator  
  32  3:16  Probe x2  
  34  3:23  Forge  
  34  3:30  Probe  
  34  3:32  Probe  
  36  3:41  Probe  
  36  3:42  Warp Prism (Chrono Boost)  
  36  3:44  Probe  
  42  3:52  Probe  
  45  3:56  Probe  
  44  4:06  Protoss Ground Weapons Level 1 (Chrono Boost)  
  42  4:12  Pylon  
  42  4:15  Gateway  
  42  4:18  Immortal, Gateway  
  42  4:21  Gateway  
  46  4:27  Probe  
  46  4:28  Probe  
  46  4:29  Pylon  
  48  4:39  Gateway  
  48  4:40  Probe x2  
  48  4:41  Gateway  
  50  4:46  Pylon  
  50  4:52  Probe x2  
  52  4:55  Pylon  
  52  5:05  Pylon  
  52  5:08  Adept x2  
  52  5:10  Immortal  
  60  5:21  Adept x2  
  60  5:25  Adept  
  66  5:46  Adept x2  
  66  5:47  Adept x3  
  70  6:37  Adept x4  
  70  6:38  Adept  
  68  6:58  Adept x5  
  76  7:26  Adept x4  
  76  7:27  Adept  
Tags
 
Add a new tag
Caveats
  • Supply blocks, unpowered buildings, or Contaminate may cause inaccurate times.
  • Supply counts are checked every 10 seconds.